 Dungeon Crawl Stone Soup version 0.16.1-11-g651b585 (webtiles) character file.

843 hulla the Skirmisher (level 8, -3/60 HPs)
             Began as an Octopode Transmuter on Apr 5, 2015.
             Was a Follower of Makhleb.
             Slain by an ice beast (10 damage)
             ... on level 6 of the Dungeon.
             The game lasted 00:27:20 (5592 turns).

hulla the Skirmisher (Octopode Transmuter)          Turns: 5592, Time: 00:27:21

Health: -3/60      AC:  2    Str:  9    XL:     8   Next: 0%
Magic:  13/13      EV: 19    Int: 18    God:    Makhleb [*.....]
Gold:   354        SH:  0    Dex: 17    Spells: 3 memorised, 5 levels left

rFire  . . .     SeeInvis +       - Unarmed
rCold  . . .     Clarity  .     (shield currently unavailable)
rNeg   . . .     SustAb   .     (helmet currently unavailable)
rPois  x         Gourm    .     u - amulet "Ygoibulewn" {Stasis SInv}
rElec  .         Spirit   .     (no ring)
rCorr  .         Warding  .     (no ring)
rMut   .         Stasis   +     (no ring)
MR     .....                    (no ring)
Stlth  ++........               (no ring)
                                (no ring)
                                (no ring)
                                (no ring)

@: spider-form (expiring), not resistant to hostile enchantments, unstealthy
A: almost no armour, amphibious, 8 rings, (constrict 8), (camouflage 0),
(gelatinous body 0)
a: End Transformation, Renounce Religion


You were on level 6 of the Dungeon.
You worshipped Makhleb.
Makhleb was aware of your devotion.
You were not hungry.
You were a venomous arachnid creature.
You visited 2 branches of the dungeon, and saw 7 of its levels.

You collected 354 gold pieces.

Inventory:

Missiles
 b - 107 arrows
 c - 23 sling bullets
 h - 13 poisoned needles
 i - 55 stones (quivered)
Jewellery
 j - an uncursed ring of stealth {unknown}
 o - an uncursed amulet of stasis
 u - the amulet "Ygoibulewn" (around neck) {Stasis SInv}
   (You found it on level 4 of the Dungeon)

   [amulet of stasis]

   It prevents you from being teleported, slowed, hasted or paralysed.
   It enhances your eyesight.
 B - a +3 ring of strength {unknown}
Magical devices
 m - a wand of cold (9)
 t - a wand of polymorph (8)
 x - a wand of disintegration (7)
Scrolls
 e - 7 scrolls of remove curse
 k - 2 scrolls of identify
 n - 3 scrolls of magic mapping
 v - a scroll of enchant armour
Potions
 g - a potion of heal wounds
 l - 2 potions of haste
 p - a potion of invisibility
 r - 4 potions of agility
 z - a potion of curing
Books
 d - a book of Changes

   Spells                             Type                      Level
   a - Beastly Appendage              Transmutation                1
   b - Sticks to Snakes               Transmutation                2
   c - Spider Form                    Transmutation/Poison         3
   d - Ice Form                       Ice/Transmutation            4
   e - Blade Hands                    Transmutation                5
Comestibles
 a - 8 bread rations
 f - a slice of pizza
 q - a chunk of flesh
 s - 3 meat rations
 A - 8 fruits


   Skills:
 + Level 7.2 Fighting
 - Level 2.0 Dodging
 - Level 3.0 Unarmed Combat
 - Level 2.0 Spellcasting
 - Level 4.3 Transmutations
 - Level 3.0 Poison Magic


You had 5 spell levels left.
You knew the following spells:

 Your Spells              Type           Power        Failure   Level  Hunger
a - Beastly Appendage     Trmt           ###...       12%         1    #......
b - Spider Form           Trmt/Pois      ###.......   32%         3    ###....
c - Sticks to Snakes      Trmt           ###.......   17%         2    ###....


Dungeon Overview and Level Annotations

Branches:
Dungeon (6/15)             Temple (1/1) D:5

Altars:
Ashenzari
Cheibriados
Dithmenos
Makhleb
Nemelex Xobeh
Okawaru
Ru
Sif Muna
Vehumet
Xom
The Shining One

Shops:
D:5 *

Annotations:
D:6 Natasha


Innate Abilities, Weirdness & Mutations

You cannot wear most types of armour.
You are amphibious.
You can wear up to eight rings at the same time.
((You can use your tentacles to constrict many enemies at once.))
((Your skin changes colour to match your surroundings (Stealth).))
((Your rubbery body absorbs attacks (AC +1).))


Message History

The ice beast closely misses you.
You completely miss the ice beast.
The ice beast is almost dead.
The ice beast barely misses you.
You hit the ice beast but do no damage.
The ice beast is almost dead.
The ice beast closely misses you.
You hit the ice beast but do no damage.
The ice beast is almost dead.
The ice beast hits you. The ice beast freezes you.
You hit the ice beast.
The ice beast is almost dead.
The ice beast hits you. The ice beast freezes you!
* * * LOW HITPOINT WARNING * * *
You hit the ice beast.
The ice beast is almost dead.
The ice beast hits you.
* * * LOW HITPOINT WARNING * * *
The ice beast freezes you!
You die...

###...## #.... #..
##...## ... .
##....># .
####..##..##
#####.((.####..#
.. #.÷....)##
##.###.....
###.....(#
#.........
#..)....##
##Y###..##.
####.#..# #s.# #
##..## #..## #.Y#
#..# ##.## ..##
##...###...
#.......... ...
##.#........ ...
##.#..######...###
... ##.##..#
#..... .♣. #..


You could see an ice beast.

Vanquished Creatures
  A sky beast (D:5)
  An ice beast (D:5)
  An ogre (D:5)
  A necrophage (D:6)
  A giant frog (D:6)
  4 hounds
  2 orc wizards
  Natasha (D:6)
  A worker ant (D:6)
  A worker ant zombie (D:5)
  8 adders
  2 giant mites
  4 worms
  An adder skeleton (D:6)
  A giant gecko (D:5)
  An ooze (D:4)
  10 orcs
  12 bats
  A bat skeleton (D:4)
  A giant cockroach (D:3)
  7 goblins
  10 hobgoblins
  4 jackals (D:3)
  A quokka (D:6)
  3 ball pythons
  4 giant newts
  7 kobolds
  7 rats
98 creatures vanquished.

Vanquished Creatures (collateral kills)
  An iguana (D:5)
1 creature vanquished.

Vanquished Creatures (others)
  A kobold (D:2)
1 creature vanquished.

Grand Total: 100 creatures vanquished

Notes
Turn   | Place    | Note
--------------------------------------------------------------
     0 | D:1      | hulla, the Octopode Transmuter, began the quest for the Orb.
     0 | D:1      | Reached XP level 1. HP: 13/13 MP: 3/3
   347 | D:1      | Reached XP level 2. HP: 18/18 MP: 2/4
   648 | D:2      | Found a sparkling altar of Nemelex Xobeh.
   687 | D:2      | Reached XP level 3. HP: 14/23 MP: 4/6
   862 | D:2      | Learned a level 3 spell: Spider Form
   865 | D:2      | Learned a level 2 spell: Sticks to Snakes
  1246 | D:2      | Reached skill level 1 in Poison Magic
  1439 | D:2      | Found a sacrificial altar of Ru.
  1609 | D:2      | Found a glowing golden altar of the Shining One.
  1752 | D:3      | Reached XP level 4. HP: 28/28 MP: 5/7
  1826 | D:3      | Reached skill level 4 in Transmutations
  2181 | D:3      | Reached XP level 5. HP: 14/33 MP: 7/9
  2887 | D:4      | Found a deep blue altar of Sif Muna.
  3419 | D:4      | Got a warped zirconium amulet
  3423 | D:4      | Identified the amulet "Ygoibulewn" {Stasis SInv} (You found it on level 4 of the Dungeon)
  3531 | D:5      | Entered Level 5 of the Dungeon
  3561 | D:5      | Found Shrifen's Assorted Antiques.
  3706 | D:5      | Reached XP level 6. HP: 28/42 MP: 0/10
  3910 | D:5      | Noticed an ogre
  3920 | D:5      | Killed an ogre
  4164 | D:5      | Found a staircase to the Ecumenical Temple.
  4174 | Temple   | Entered the Ecumenical Temple
  4200 | Temple   | Became a worshipper of Makhleb the Destroyer
  4257 | D:5      | Noticed a sky beast
  4271 | D:5      | Killed a sky beast
  4271 | D:5      | Reached skill level 5 in Fighting
  4271 | D:5      | Reached XP level 7. HP: 18/50 MP: 7/12
  4738 | D:6      | Reached skill level 6 in Fighting
  5343 | D:6      | Noticed Natasha
  5356 | D:6      | Killed Natasha
  5389 | D:6      | Acquired Makhleb's first power
  5389 | D:6      | Reached skill level 7 in Fighting
  5516 | D:6      | Reached XP level 8. HP: 30/60 MP: 7/13
  5577 | D:6      | Noticed Natasha
  5592 | D:6      | Slain by an ice beast

Action                   |  1- 3 |  4- 6 |  7- 9 || total
-------------------------+-------+-------+-------++-------
Melee: Unarmed           |    54 |   143 |   100 ||   297
Throw: Stone             |    21 |    33 |     2 ||    56
 Cast: Beastly Appendage |    16 |    12 |       ||    28
       Spider Form       |     1 |    14 |    11 ||    26
       Sticks to Snakes  |       |     3 |       ||     3
 Abil: End Transformatio |       |     1 |       ||     1
  Use: Potion            |     5 |     2 |     3 ||    10
       Scroll            |     4 |     2 |     2 ||     8
 Stab: Sleeping          |     1 |     1 |     1 ||     3
  Eat: Chunk             |     3 |    10 |     6 ||    19
